 Dungeon Crawl Stone Soup version 0.24.0-13-gcf9b3192b9 (webtiles) character file.

Game seed: 13462960536269492710, levelgen mode: deterministic

209 bl3nd3r the Chopper (level 5, -3/45 HPs)
             Began as a Minotaur Berserker on Nov 10, 2019.
             Was a Follower of Trog.
             Slain by an orc
             ... wielding a +0 falchion
              (8 damage)
             ... on level 3 of the Dungeon.
             The game lasted 00:02:14 (1288 turns).

bl3nd3r the Chopper (Minotaur Berserker)            Turns: 1288, Time: 00:02:14

Health: -3/45      AC:  4    Str: 22    XL:     5   Next: 55%
Magic:  4/4        EV: 12    Int:  4    God:    Trog [*.....]
Gold:   101        SH:  0    Dex: 10    Spells: 4/4 levels left

rFire    . . .     SeeInvis .   a - +0 hand axe
rCold    . . .     Gourm    .   (no shield)
rNeg     . . .     Faith    .   b - +0 animal skin
rPois    .         Spirit   .   (helmet restricted)
rElec    .         Reflect  .   j - +0 cloak
rCorr    .         Harm     .   m - +0 pair of gloves
MR       .....                  (no boots)
Stlth    +.........             (no amulet)
HPRegen  0.15/turn              (no ring)
MPRegen  0.09/turn              (no ring)

@: berserk cooldown, slowed, very slow
A: retaliatory headbutt, horns 2
a: Berserk, Renounce Religion


You were on level 3 of the Dungeon.
You worshipped Trog.
Trog was aware of your devotion.
You were hungry.

You visited 1 branch of the dungeon, and saw 3 of its levels.

You collected 101 gold pieces.

Inventory:

Hand Weapons
 a - a +0 hand axe (weapon)
Armour
 b - a +0 animal skin (worn)
 j - a +0 cloak (worn)
 m - a +0 pair of gloves (worn)
Jewellery
 g - an uncursed amulet of rage
Scrolls
 d - a scroll of identify {unknown}
 h - a scroll of magic mapping {unknown}
 i - a scroll of immolation {unknown}
 l - a scroll of random uselessness {unknown}
Potions
 e - a potion of berserk rage {unknown}
 f - a potion of flight {unknown}
 k - a potion of heal wounds {unknown}
Comestibles
 c - 4 rations


   Skills:
 - Level 3.6 Fighting
 * Level 7.6 Axes
 - Level 2.4 Armour
 - Level 2.1 Dodging


You had 4 spell levels left.
You didn't know any spells.
Your spell library was empty.

Dungeon Overview and Level Annotations

Branches:
Dungeon (2/15)

Altars:

Annotations:
D:3 Grinder


Innate Abilities, Weirdness & Mutations

You reflexively headbutt those who attack you in melee.
You have a pair of horns on your head.


Message History

An orc comes into view. It is wielding a +0 falchion.
The bat hits you but does no damage.
A giant cockroach comes into view.
The bat hits you but does no damage. x2
Grinder gestures at you.
You suddenly lose the ability to move!
The bat hits you. x2
Grinder gestures at you. Pain shoots through your body!
* * * LOW HITPOINT WARNING * * *
The bat hits you but does no damage. x2
Grinder gestures at you. Pain shoots through your body!
* * * LOW HITPOINT WARNING * * *
You can move again.
You see here a leather armour.
Unknown command.
Okay, then.
The bat barely misses you. The orc hits you with a +0 falchion!
You die...

.........# ...
......... ....
......... ......
......... .......
........##........
...................
....$..s............
.......@.?..........
......o[..........#
.......5..........#
........b.......#
................#
....##.....(....#
##............>.#
#...♣.♣♣♣♣♣♣..##
#.♣♣♣. ♣♣...#


You could see Grinder, an orc, a giant cockroach and a bat.

Vanquished Creatures
  Sigmund (D:2)
  An adder (D:2)
  A gnoll (D:1)
  An ooze (D:1)
  2 worms
  3 dart slugs
  A leopard gecko (D:1)
  6 goblins
  3 hobgoblins
  A kobold (D:2)
  A ball python (D:1)
  3 bats
  2 frilled lizards
26 creatures vanquished.

Notes
Turn   | Place    | Note
-------+----------+-------------------------------------------
     0 | D:1      | bl3nd3r the Minotaur Berserker began the quest for the Orb.
     0 | D:1      | Reached XP level 1. HP: 19/19 MP: 0/0
    37 | D:1      | Reached skill level 4 in Axes
   171 | D:1      | Reached XP level 2. HP: 26/26 MP: 1/1
   190 | D:1      | Reached skill level 5 in Axes
   196 | D:1      | Reached XP level 3. HP: 22/31 MP: 2/2
  1055 | D:2      | Noticed Sigmund
  1059 | D:2      | Killed Sigmund
  1059 | D:2      | Reached skill level 7 in Axes
  1059 | D:2      | Reached XP level 4. HP: 36/39 MP: 3/3
  1059 | D:2      | Reached XP level 5. HP: 42/45 MP: 4/4
  1257 | D:2      | You fall into a shaft and drop 1 floor!
  1262 | D:3      | Noticed Grinder
  1285 | D:3      | Paralysed by Grinder for 3 turns
  1288 | D:3      | Slain by an orc

Levels and vault maps discovered:
D:1:      kennysheep_arrival_forest, layout_rooms, serial_forest,
          infiniplex_forest_end_3, infiniplex_forest_end_2,
          infiniplex_forest_zigzag_2, infiniplex_forest_clump_curved,
          infiniplex_forest_clump_small, infiniplex_forest_straight_2,
          infiniplex_forest_clump_small, infiniplex_forest_clump_diagonal
D:2:      kb_forest_paths, layout_rooms, hangedman_ru_absence, uniq_sigmund
D:3:      layout_basic, lemuel_round_altar, gammafunk_temple_overflow_arena,
          chequers_ecumenical_altar_grove, uniq_grinder

Skill      XL: |  1  2  3 |
---------------+----------+-----
Axes           | 4 5 7 |  7.6
Fighting       | |  3.6
Armour         | |  2.4
Dodging        | |  2.1

Action                   |  1- 3 |  4- 6 || total
-------------------------+-------+-------++-------
Melee: Hand axe          |    48 |    11 ||    59
       Headbutt          |    11 |     4 ||    15
Invok: Berserk           |     1 |     1 ||     2
  Eat: Chunk             |       |     2 ||     2
Armor: Animal skin       |     5 |     6 ||    11
Dodge: Dodged            |    26 |     6 ||    32
